 Dungeon Crawl Stone Soup version 0.30-a0-123-g91d0c66ccf (webtiles) character file.

Game seed: 2529667213959865757

10 Flugkiller the Sneak (level 2, 0/24 HPs)
             Began as a Demonspawn Delver on Sept 17, 2022.
             Shot with a sling bullet by something (3 damage)
             ... on level 4 of the Dungeon.
             The game lasted 00:02:22 (1223 turns).

Flugkiller the Sneak (Demonspawn Delver)            Turns: 1223, Time: 00:02:23

Health: 0/24       AC:  3    Str: 12    XL:     2   Next: 10%
Magic:  2/2        EV: 12    Int: 11    God:
Gold:   14         SH:  0    Dex: 14    Spells: 1/1 levels left

rFire   . . .      SeeInvis .    f - +2 dagger (speed)
rCold   . . .      Faith    .    (no shield)
rNeg    . . .      Spirit   .    b - +0 leather armour
rPois   .          Reflect  .    (no helmet)
rElec   .          Harm     .    (no cloak)
rCorr   .          Rampage  .    (no gloves)
Will    .....                    (no boots)
Stlth   +++.......               (no amulet)
HPRegen 0.08/turn                j - +4 ring of slaying
MPRegen 0.08/turn                (no ring)

@: no status effects
A: powered by death 1
a: no special abilities


You were on level 4 of the Dungeon.
You visited 1 branch of the dungeon, and saw 2 of its levels.

You collected 14 gold pieces.

Inventory:

Hand Weapons
 a - a +0 short sword
 f - a +2 dagger of speed (weapon)
   (You found it on level 4 of the Dungeon)
Armour
 b - a +0 leather armour (worn)
Jewellery
 j - a +4 ring of slaying (left hand)
   (You found it on level 5 of the Dungeon)
Wands
 g - a wand of digging (2)
Scrolls
 c - a scroll of fog
 e - a scroll of torment {unknown}
 h - a scroll of identify {unknown}
Potions
 d - a potion of might {unknown}
 i - a potion of attraction {unknown}


   Skills:
 + Level 3.1 Fighting
 + Level 2.0 Short Blades
 + Level 2.0 Dodging
 + Level 4.6 Stealth


You had one spell level left.
You didn't know any spells.
Your spell library was empty.

Dungeon Overview and Level Annotations

Branches:
Dungeon (5/15) Zot: 10794
 Temple: D:4-7

Altars:

Annotations:
D:4 Ijyb


Innate Abilities, Weirdness & Mutations

You regenerate a little health from kills.


Message History

The iguana is lightly wounded.
The iguana barely misses you.
You hit the iguana.
The iguana is moderately wounded.
The iguana bites you!
You hit the iguana.
The iguana is heavily wounded.
The iguana closely misses you.
You hit the iguana but do no damage.
The iguana is heavily wounded.
The iguana completely misses you.
You barely miss the iguana.
The iguana is heavily wounded.
The iguana bites you but does no damage.
You hit the iguana.
The iguana is heavily wounded.
The iguana bites you!
* * * LOW HITPOINT WARNING * * *
As you read the scroll of fear, it crumbles to dust.
You assume a fearsome visage.
The iguana looks frightened!
There is an open door here.
You close the door.
You start resting.
A hound comes into view.
You open the door.
There is an open door here.
You close the door.
You start resting.
HP restored.
You see here a +0 dagger.
Found a stone staircase leading up.
There is a stone staircase leading up here.
You climb upwards.
Level annotation: Ijyb The goblin shouts!
A ball python comes into view.
An ogre comes into view. It is wielding a +0 giant club.
There is a stone staircase leading down here.
Unknown command.
You climb downwards.
There is a stone staircase leading up here.
You open the door.
There is an open door here.
Found 7 gold pieces.
You open the door.
There is an open door here.
Found a long sword.
Found a stone staircase leading down.
d - a metallic sapphire potion You see here a +0 long sword.
Found a stone staircase leading up.
There is a stone staircase leading up here.
You climb upwards.
Level annotation: Ijyb
Found 5 poisoned darts.
There is a stone staircase leading down here.
Found a scroll labelled MAKIEWKEOTA.
Found a glowing dagger.
Found a scroll labelled XIFEQOU FOFFIHUI.
e - a scroll labelled MAKIEWKEOTA You see here a +2 dagger of speed.
f - a +2 dagger of speed
h - a scroll labelled XIFEQOU FOFFIHUI Your hands tingle!
f - a +2 dagger of speed (weapon)
Found 13 gold pieces.
Found a club.
An orc comes into view. It is wielding a +0 dagger.
You see here a ruby potion.
i - a ruby potion
Found 11 gold pieces.
The goblin shouts!
The goblin hits you with a +0 dagger.
You puncture the goblin!
You kill the goblin!
No target in view!
Found an opal ring.
Things that are here:
a +0 dagger; a goblin corpse The ogre shouts!
Okay, then.
Okay, then.
An orc warrior comes into view. It is wielding a +0 mace.
The orc warrior shouts!
The orc warrior unwields a +0 mace.
The orc warrior wields a +1 vorpal arbalest.
The orc warrior shoots a bolt.
The bolt hits you!
Ouch! That really hurt!
* * * LOW HITPOINT WARNING * * *
x2 You hear a shout!
A ball python comes into view.
A kobold comes into view. It is wielding a +0 sling.
The ball python moves out of view.
The ball python hisses angrily.
The kobold drinks a potion.
The kobold flickers and vanishes!
Deactivating autopickup; reactivate with Ctrl-A.
You hear a whirring sound.
A sling bullet appears from out of thin air!
The sling bullet hits you.
You die...

########### . #.........# #.
#.........# .. #.........# .# #
#.........## .# .#
#.....o....#### .# ...
#.########.O..###.# .... #.....#
####.##@.#.......# #.....#
#..#....#.....?.. .#
#.....####...........?.... ..#
#........#...............## ..#
...>..##..................# #..#
#.....#######{.S..........# ...#.
...o..... .)..$..........##.....
...................#.........# #.
.###...###...###......W.....##...


You could see a ball python.

Vanquished Creatures
  An adder (D:4)
  A goblin (D:4)
2 creatures vanquished.

Notes
Turn   | Place    | Note
-------+----------+-------------------------------------------
     0 | D:5      | Flugkiller the Demonspawn Delver began the quest for the
                  | Orb.
     0 | D:5      | Reached XP level 1. HP: 18/18 MP: 1/1
    25 | D:4      | Gained mutation: You regenerate a little health from kills.
                  | [demonic ancestry]
    25 | D:4      | Reached XP level 2. HP: 9/24 MP: 2/2
   361 | D:4      | Noticed a phantom
   362 | D:4      | Noticed an ogre
   378 | D:4      | Noticed a howler monkey
   382 | D:4      | Noticed Ijyb
  1006 | D:4      | Noticed an ogre
  1203 | D:4      | Noticed an orc warrior
  1223 | D:4      | Shot with a sling bullet by something

Illustrated notes

Levels and vault maps discovered:
D:4:      layout_rooms, kennysheep_boxes, uniq_ijyb
D:5:      minmay_goblin_kobold_castle, layout_basic, uniq_duvessa

Skill      XL: |  1 |
---------------+----+-----
Short Blades   | 2 |  2.0
Dodging        | 2 |  2.0
Fighting       | |  3.1
Stealth        | |  4.6

Action                   || total
-------------------------++-------
Melee: Short sword       ||    26
       Dagger            ||     1
Evoke: Wand              ||     1
  Use: Scroll            ||     2
       Potion            ||     1
 Stab: Sleeping          ||     1
Armor: Leather armour    ||     4
Dodge: Dodged            ||    14

Table legend: (Time is in decaauts)
 A = Elapsed time spent in this place.
 B = Non-inter-level travel time spent in this place.
 C = Inter-level travel time spent in this place.
 D = Time resting spent in this place.
 E = Time spent auto-exploring this place.
 F = Levels seen in this place.
 G = Mean time per level.
                   A        B        C        D        E       F      G
               +--------+--------+--------+--------+--------+-----+--------+
         Total |   1205 |   1188 |     17 |    702 |     31 |   2 |  602.5 |
       Dungeon |   1205 |   1188 |     17 |    702 |     31 |   2 |  602.5 |
               +--------+--------+--------+--------+--------+-----+--------+

Top non-repeatable levels by time:
     D:5: 664 daAuts
     D:4: 540 daAuts
